SA
GALESBURG GUZZLERS @ SYRACUSE STORM
08/17/2024
 
TOP OF THE 1ST
Galesburg Guzzlers batting - Pitching for Syracuse Storm : LHP Jim Unknown
Pitching: LHP Jim Unknown
Batting: RHB Roland Deschain 0-0: Ball
1-0: Ball
2-0: DOUBLE (Flyball, 8LM)
Batting: LHB Gabriel Díaz 0-0: Ball
1-0: Fly out, F8 (Flyball, 8RM)
Batting: RHB Grady Walkinshaw 0-0: Ball
1-0: Ground out 4-3 (Groundball, 4)
Roland Deschain to third
Batting: RHB Fernando Rivera 0-0: Ball
1-0: SINGLE (Groundball, 56D)
Roland Deschain scores
Batting: RHB Bubba Blevins 0-0: Ball
1-0: Called Strike
1-1: Ball
2-1: Called Strike
2-2: Ball
3-2: Ground out 6-3 (Groundball, 6M)
Top of the 1st over - 1 run(s), 2 hit(s), 0 error(s), 1 left on base; Galesburg 1 - Syracuse 0
BOTTOM OF THE 1ST
Syracuse Storm batting - Pitching for Galesburg Guzzlers : RHP Fernando Ramírez
Pitching: RHP Fernando Ramírez
Batting: RHB Carlos Ramírez 0-0: Ball
1-0: SINGLE (Line Drive, 34D)
Batting: LHB King Randell 0-0: Ball
1-0: SINGLE (Groundball, 3L)
Carlos Ramírez to second
Runner from 2nd tries for 3rd, SAFE, throw made to third
Batting: SHB Roberto López 0-0: Called Strike
0-1: Foul Ball, location: 2F
0-2: Ball
1-2: Strikes out swinging
Batting: RHB Carlos De Jesús 0-0: Ball
1-0: Ball
2-0: Foul Ball, location: 2F
2-1: Ball
3-1: Base on Balls
King Randell to second
Batting: RHB Chi-hyeong Ho 0-0: SINGLE (Line Drive, 9S)
Carlos Ramírez scores
King Randell to third
Carlos De Jesús to second
Batting: RHB Jim Unknown 0-0: Ball
1-0: Ball
2-0: Foul Ball, location: 2F
2-1: Ball
3-1: Called Strike
3-2: Ground out 5-3 (Groundball, 5S)
King Randell scores
Carlos De Jesús to third
Chi-hyeong Ho to second
Batting: RHB Octávio Beltzán 0-0: Ball
1-0: Ball
2-0: Swinging Strike
2-1: SINGLE (Line Drive, 34D)
Carlos De Jesús scores
Chi-hyeong Ho to third
Runner from 3rd tries for Home, SAFE, no throw or cutoff
Batting: LHB Jim Unknown 0-0: Called Strike
Octávio Beltzán is caught stealing 2nd base
Bottom of the 1st over - 4 run(s), 4 hit(s), 0 error(s), 0 left on base; Galesburg 1 - Syracuse 4
TOP OF THE 2ND
Galesburg Guzzlers batting - Pitching for Syracuse Storm : LHP Jim Unknown
Batting: LHB John Ennis 0-0: Ball
1-0: Foul Ball, location: 2F
1-1: Foul Ball, location: 2F
1-2: Strikes out swinging
Batting: RHB Ty Struck 0-0: Ground out 4-3 (Groundball, 4)
Batting: RHB Carlos Cardona 0-0: Ball
1-0: Ground out 6-3 (Groundball, 6M)
Top of the 2nd over - 0 run(s), 0 hit(s), 0 error(s), 0 left on base; Galesburg 1 - Syracuse 4
BOTTOM OF THE 2ND
Syracuse Storm batting - Pitching for Galesburg Guzzlers : RHP Fernando Ramírez
Batting: LHB Jim Unknown 0-0: DOUBLE (Line Drive, 89D)
Batting: RHB Manny Gonzáles 0-0: Ball
1-0: Called Strike
1-1: Ball
2-1: Called Strike
2-2: Ball
3-2: Fly out, F7 (Flyball, 78M)
Batting: RHB Carlos Ramírez 0-0: Ground out 6-3 (Groundball, 6)
Batting: LHB King Randell 0-0: Swinging Strike
0-1: Ball
1-1: Foul Ball, location: 2F
1-2: Ball
2-2: Ball
3-2: SINGLE (Groundball, 34D)
Jim Unknown to third
Jim Unknown scores
Batting: SHB Roberto López 0-0: Called Strike
0-1: Fielders Choice at 2nd, 5-4 (Groundball, 5)
Bottom of the 2nd over - 1 run(s), 2 hit(s), 0 error(s), 0 left on base; Galesburg 1 - Syracuse 5
TOP OF THE 3RD
Galesburg Guzzlers batting - Pitching for Syracuse Storm : LHP Jim Unknown
Batting: RHB Pierre Bernard 0-0: Called Strike
0-1: Foul Ball, location: 2F
0-2: Ball
1-2: Strikes out swinging
Batting: RHB Roland Deschain 0-0: SINGLE (Flyball, 8LS)
Batting: LHB Gabriel Díaz 0-0: Called Strike
0-1: Ball
Roland Deschain steals 2nd base
1-1: Called Strike
1-2: SINGLE (Groundball, 34D)
Roland Deschain to third
Runner from 3rd tries for Home, SAFE, no throw or cutoff
Batting: RHB Grady Walkinshaw 0-0: Called Strike
0-1: Ball
1-1: Ball
2-1: Ball
3-1: Base on Balls
Gabriel Díaz to second
Batting: RHB Fernando Rivera 0-0: Fly out, F6 (Popup, 6M)
Batting: RHB Bubba Blevins 0-0: Ball
1-0: Called Strike
1-1: Called Strike
1-2: Strikes out swinging
Top of the 3rd over - 1 run(s), 2 hit(s), 0 error(s), 2 left on base; Galesburg 2 - Syracuse 5
BOTTOM OF THE 3RD
Syracuse Storm batting - Pitching for Galesburg Guzzlers : RHP Fernando Ramírez
Batting: RHB Carlos De Jesús 0-0: Ball
1-0: Ball
2-0: Foul Ball, location: 2F
2-1: Ball
3-1: DOUBLE (Line Drive, 8RD)
Batting: RHB Chi-hyeong Ho 0-0: Ball
1-0: Swinging Strike
1-1: Called Strike
1-2: Ball
2-2: Ball
3-2: Fly out, F9 (Flyball, 89M)
Batting: RHB Jim Unknown 0-0: Called Strike
0-1: Ball
1-1: Ball
2-1: Foul Ball, location: 2F
2-2: Ball
3-2: Strikes out swinging
Batting: RHB Octávio Beltzán 0-0: Called Strike
0-1: Ground out 5-3 (Groundball, 5)
Bottom of the 3rd over - 0 run(s), 1 hit(s), 0 error(s), 1 left on base; Galesburg 2 - Syracuse 5
TOP OF THE 4TH
Galesburg Guzzlers batting - Pitching for Syracuse Storm : LHP Jim Unknown
Batting: LHB John Ennis 0-0: Foul Ball, location: 2F
0-1: Swinging Strike
0-2: Ball
1-2: Strikes out swinging
Batting: RHB Ty Struck 0-0: Ball
1-0: Foul Ball, location: 2F
1-1: Ball
2-1: Ground out 4-3 (Groundball, 4)
Batting: RHB Carlos Cardona 0-0: Ground out 5-3 (Groundball, 56)
Top of the 4th over - 0 run(s), 0 hit(s), 0 error(s), 0 left on base; Galesburg 2 - Syracuse 5
BOTTOM OF THE 4TH
Syracuse Storm batting - Pitching for Galesburg Guzzlers : RHP Fernando Ramírez
Batting: LHB Jim Unknown 0-0: Ball
1-0: SINGLE (Groundball, 13S) (infield hit)
Batting: RHB Manny Gonzáles 0-0: Called Strike
0-1: Foul Ball, location: 2F
0-2: Foul Ball, location: 2F
0-2: Foul Ball, location: 2F
0-2: Fly out, F8 (Flyball, 8RD)
Batting: RHB Carlos Ramírez 0-0: Swinging Strike
0-1: Foul Ball, location: 2F
0-2: Fly out, F7 (Flyball, 78M)
Batting: LHB King Randell 0-0: Ball
1-0: Called Strike
1-1: Ball
2-1: SINGLE (Groundball, 34D)
Jim Unknown to second
Runner from 2nd tries for 3rd, SAFE, throw made to third
Batting: SHB Roberto López 0-0: Ball
1-0: Ball
2-0: SINGLE (Line Drive, 4M)
Jim Unknown scores
King Randell to second
Pitching: LHP Jim Unknown
Batting: RHB Carlos De Jesús 0-0: Ground out 1-3 (Groundball, 15)
Bottom of the 4th over - 1 run(s), 3 hit(s), 0 error(s), 2 left on base; Galesburg 2 - Syracuse 6
TOP OF THE 5TH
Galesburg Guzzlers batting - Pitching for Syracuse Storm : LHP Jim Unknown
Batting: RHB Pierre Bernard 0-0: Ball
1-0: Called Strike
1-1: Ground out 5-3 (Groundball, 5S)
Batting: RHB Roland Deschain 0-0: SINGLE (Line Drive, 78S)
Batting: LHB Gabriel Díaz 0-0: Ball
1-0: Ball
2-0: Called Strike
2-1: Called Strike
2-2: Fielders Choice at 2nd, 3-6 (Groundball, 34)
Batting: RHB Grady Walkinshaw 0-0: Reached on error, E5 (Groundball, 56)
Gabriel Díaz to second
Batting: RHB Fernando Rivera 0-0: Fly out, F8 (Flyball, 8RS)
Top of the 5th over - 0 run(s), 1 hit(s), 1 error(s), 2 left on base; Galesburg 2 - Syracuse 6
BOTTOM OF THE 5TH
Syracuse Storm batting - Pitching for Galesburg Guzzlers : LHP Jim Unknown
Batting: RHB Chi-hyeong Ho 0-0: Ball
1-0: Ball
2-0: Foul Ball, location: 2F
2-1: Swinging Strike
2-2: Strikes out looking
Batting: RHB Jim Unknown 0-0: Ball
1-0: Fly out, F8 (Flyball, 8RD)
Batting: RHB Octávio Beltzán 0-0: Ball
1-0: Called Strike
1-1: Foul Ball, location: 2F
1-2: Strikes out swinging
Bottom of the 5th over - 0 run(s), 0 hit(s), 0 error(s), 0 left on base; Galesburg 2 - Syracuse 6
TOP OF THE 6TH
Galesburg Guzzlers batting - Pitching for Syracuse Storm : LHP Jim Unknown
Batting: RHB Bubba Blevins 0-0: Ball
1-0: Called Strike
1-1: Foul Ball, location: 2F
1-2: Foul Ball, location: 2F
1-2: Strikes out swinging
Batting: LHB John Ennis 0-0: Ball
1-0: Called Strike
1-1: Ball
2-1: DOUBLE (Line Drive, 5L)
Batting: RHB Ty Struck 0-0: SINGLE (Flyball, 8LS)
John Ennis to third
Runner from 3rd tries for Home, SAFE, no throw or cutoff
Batting: RHB Carlos Cardona 0-0: Called Strike
0-1: DOUBLE (Flyball, 89XD)
Ty Struck to third
Runner from 3rd tries for Home, SAFE, no throw or cutoff
Batting: RHB Pierre Bernard 0-0: Called Strike
0-1: Ball
1-1: Ground out 1-3 (Groundball, 15S)
Batting: RHB Roland Deschain 0-0: Ball
1-0: Called Strike
1-1: Swinging Strike
1-2: Ball
2-2: Foul Ball, location: 2F
2-2: Strikes out swinging
Top of the 6th over - 2 run(s), 3 hit(s), 0 error(s), 1 left on base; Galesburg 4 - Syracuse 6
BOTTOM OF THE 6TH
Syracuse Storm batting - Pitching for Galesburg Guzzlers : LHP Jim Unknown
Batting: LHB Jim Unknown 0-0: Ball
1-0: Ball
2-0: Fly out, F3 (Popup, 4S)
Batting: RHB Manny Gonzáles 0-0: Called Strike
0-1: Ball
1-1: Ball
2-1: Ground out 5-3 (Groundball, 56S)
Batting: RHB Carlos Ramírez 0-0: Fly out, F7 (Flyball, 7LMF)
Bottom of the 6th over - 0 run(s), 0 hit(s), 0 error(s), 0 left on base; Galesburg 4 - Syracuse 6
TOP OF THE 7TH
Galesburg Guzzlers batting - Pitching for Syracuse Storm : LHP Jim Unknown
Batting: LHB Gabriel Díaz 0-0: Called Strike
0-1: Ball
1-1: Foul Ball, location: 2F
1-2: Foul Ball, location: 2F
1-2: Foul Ball, location: 2F
1-2: Strikes out swinging
Batting: RHB Grady Walkinshaw 0-0: Called Strike
0-1: Hit by Pitch
Batting: RHB Fernando Rivera 0-0: Reached on error, E5 (Groundball, 5S)
Grady Walkinshaw to second
Batting: RHB Bubba Blevins 0-0: Ball
1-0: Swinging Strike
1-1: Ball
2-1: Ball
3-1: Swinging Strike
3-2: Base on Balls
Grady Walkinshaw to third
Fernando Rivera to second
Pitching: LHP Alfonso Dolton
Pinch Hitting: RHB Javier Vásquez 0-0: Foul Ball, location: 2F
0-1: Foul Ball, location: 2F
0-2: TRIPLE (Line Drive, 3L)
Grady Walkinshaw scores
Fernando Rivera scores
Bubba Blevins scores
Batting: RHB Ty Struck 0-0: Intentional Walk
Batting: RHB Carlos Cardona 0-0: Foul Ball, location: 2F
0-1: Called Strike
0-2: Strikes out swinging
Pinch Hitting: RHB Lee Charles 0-0: Foul Ball, location: 2F
0-1: Foul Ball, location: 2F
0-2: Strikes out swinging
Top of the 7th over - 3 run(s), 1 hit(s), 1 error(s), 2 left on base; Galesburg 7 - Syracuse 6
BOTTOM OF THE 7TH
Syracuse Storm batting - Pitching for Galesburg Guzzlers : LHP Jim Unknown
Now at 2B: Javier Vásquez
Now in CF: José Díaz
Batting: LHB King Randell 0-0: Called Strike
0-1: Ball
1-1: Fly out, F7 (Flyball, 7LM)
Batting: SHB Roberto López 0-0: Ball
1-0: Foul Ball, location: 2F
1-1: Foul Ball, location: 2F
1-2: Strikes out looking
Batting: RHB Carlos De Jesús 0-0: Foul Ball, location: 2F
0-1: Foul Ball, location: 2F
0-2: Strikes out looking
Bottom of the 7th over - 0 run(s), 0 hit(s), 0 error(s), 0 left on base; Galesburg 7 - Syracuse 6
TOP OF THE 8TH
Galesburg Guzzlers batting - Pitching for Syracuse Storm : LHP Alfonso Dolton
Batting: RHB Roland Deschain 0-0: Ball
1-0: Swinging Strike
1-1: Ball
2-1: Ball
3-1: Called Strike
3-2: Fly out, F7 (Flyball, 78M)
Batting: LHB Gabriel Díaz 0-0: Swinging Strike
0-1: Ball
1-1: Ball
2-1: Called Strike
2-2: Foul Ball, location: 2F
2-2: Strikes out swinging
Batting: RHB Grady Walkinshaw 0-0: Called Strike
0-1: Ball
1-1: Ball
2-1: DOUBLE (Flyball, 78XD)
Batting: RHB Fernando Rivera 0-0: Called Strike
0-1: Ball
1-1: SINGLE (Line Drive, 6D)
Grady Walkinshaw to third
Runner from 3rd tries for Home, SAFE, no throw or cutoff
Batting: RHB Bubba Blevins 0-0: Foul Ball, location: 2F
0-1: Ball
1-1: Called Strike
1-2: Ball
2-2: Ball
3-2: Strikes out swinging
Top of the 8th over - 1 run(s), 2 hit(s), 0 error(s), 1 left on base; Galesburg 8 - Syracuse 6
BOTTOM OF THE 8TH
Syracuse Storm batting - Pitching for Galesburg Guzzlers : LHP Jim Unknown
Batting: RHB Chi-hyeong Ho 0-0: Ball
1-0: Ball
2-0: Ground out 4-3 (Groundball, 4M)
Batting: RHB Jim Unknown 0-0: Called Strike
0-1: Ball
1-1: Ground out 5-3 (Groundball, 56)
Batting: RHB Octávio Beltzán 0-0: Ground out 1-3 (Groundball, 23)
Bottom of the 8th over - 0 run(s), 0 hit(s), 0 error(s), 0 left on base; Galesburg 8 - Syracuse 6
TOP OF THE 9TH
Galesburg Guzzlers batting - Pitching for Syracuse Storm : LHP Alfonso Dolton
Batting: RHB Javier Vásquez 0-0: Ball
1-0: Ball
2-0: Fly out, F9 (Flyball, 9LM)
Batting: RHB Ty Struck 0-0: Ball
1-0: Ball
2-0: Called Strike
2-1: Swinging Strike
2-2: Strikes out swinging
Batting: RHB Carlos Cardona 0-0: Ground out 1-3 (Groundball, 13S)
Top of the 9th over - 0 run(s), 0 hit(s), 0 error(s), 0 left on base; Galesburg 8 - Syracuse 6
BOTTOM OF THE 9TH
Syracuse Storm batting - Pitching for Galesburg Guzzlers : LHP Jim Unknown
Pitching: LHP Carlos Casas
Batting: LHB Jim Unknown 0-0: Called Strike
0-1: Ball
1-1: Ground out 1-3 (Groundball, 13)
Batting: RHB Manny Gonzáles 0-0: Called Strike
0-1: SOLO HOME RUN (Flyball, 7D), Distance : 394 ft
Pinch Hitting: SHB Lúcio Gonzáles 0-0: Fly out, F4 (Popup, 4MD)
Pinch Hitting: LHB John Meléndez 0-0: Foul Ball, location: 2F
0-1: Called Strike
0-2: Ball
1-2: Ball
2-2: Ball
3-2: Reached on error, E3 (Groundball, 3L)
Batting: SHB Roberto López 0-0: Ball
1-0: Called Strike
1-1: Ball
2-1: Fly out, F9 (Flyball, 89S)
Bottom of the 9th over - 1 run(s), 1 hit(s), 1 error(s), 1 left on base; Galesburg 8 - Syracuse 7
This league is powered by Out of the Park Baseball, the baseball management simulation game for PC, Mac and Linux
Monday, October 3rd, 2016 - OOTP Baseball 16.9 Build 39